 Dungeon Crawl Stone Soup version 0.28.0-45-g0d030f2227 (webtiles) character file.

Game seed: 15833948347173484962

2439 101zpm the Magician (level 9, 0/65 HPs)
             Began as a Gnoll Air Elementalist on Apr 22, 2022.
             Was an Initiate of Sif Muna.
             Slain by a hornet zombie (9 damage)
             ... on level 7 of the Dungeon.
             The game lasted 00:30:55 (8103 turns).

101zpm the Magician (Gnoll Air Elementalist)        Turns: 8103, Time: 00:30:57

Health: 0/65       AC:  5    Str:  9    XL:     9   Next: 49%
Magic:  3/19       EV: 13    Int: 19    God:    Sif Muna [......]
Gold:   550        SH:  7    Dex: 13    Spells: 11/21 levels left

rFire   . . .      SeeInvis .   i - +6 hand axe
rCold   . . .      Faith    .   A - +2 buckler
rNeg    . . .      Spirit   .   p - +0 leather armour of Caustic Lucidity {rElec Str+2}
rPois   .          Reflect  .   (no helmet)
rElec   +          Harm     .   (no cloak)
rCorr   .          Rampage  .   o - +0 pair of gloves
Will    .....                   c - +0 pair of boots
Stlth   +++.......              g - amulet of regeneration
HPRegen 1.00/turn               (no ring)
MPRegen 0.16/turn               (no ring)

@: no status effects
A: fangs 1, strong nose, distributed training
a: Renounce Religion


You were on level 7 of the Dungeon.
You worshipped Sif Muna.
Sif Muna was noncommittal.
You visited 2 branches of the dungeon, and saw 11 of its levels.

You collected 550 gold pieces.

Inventory:

Hand Weapons
 i - a +6 hand axe (weapon)
Armour
 a - a +0 robe
 c - a +0 pair of boots (worn)
 o - a +0 pair of gloves (worn)
 p - the +0 leather armour of Caustic Lucidity (worn) {rElec Str+2}
   (You found it on level 2 of the Dungeon)

   Str:       It affects your strength (+2).
   rElec:     It insulates you from electricity.
 A - a +2 buckler (worn)
Magical Staves
 t - a staff of death
Jewellery
 b - a ring of wizardry
 g - an amulet of regeneration (around neck)
Wands
 j - a wand of flame (8)
Scrolls
 d - a scroll of brand weapon
 e - a scroll of enchant armour
 l - 7 scrolls of teleportation
 m - a scroll of torment {unknown}
 q - a scroll of summoning {unknown}
 r - a scroll of fog {unknown}
 w - a scroll of enchant weapon {unknown}
 y - a scroll of blinking {unknown}
Potions
 f - a potion of ambrosia {unknown}
 h - 7 potions of curing
 k - 3 potions of heal wounds
 n - a potion of flight {unknown}
 s - 2 potions of brilliance {unknown}
 u - a potion of lignification {unknown}
 v - 2 potions of might {unknown}
 x - a potion of mutation {unknown}
 z - a potion of invisibility {unknown}


   Skills:
 + Level 4.3 Fighting
 + Level 4.3 Short Blades
 + Level 4.3 Long Blades
 + Level 4.3 Axes
 + Level 4.3 Maces & Flails
 + Level 4.3 Polearms
 + Level 4.3 Staves
 + Level 4.3 Slings
 + Level 4.3 Bows
 + Level 4.3 Crossbows
 + Level 4.3 Throwing
 + Level 4.3 Armour
 + Level 6.3 Dodging
 + Level 6.1 Stealth
 + Level 4.3 Shields
 + Level 4.3 Unarmed Combat
 + Level 6.6 Spellcasting
 + Level 4.2 Conjurations
 + Level 3.5 Hexes
 + Level 3.5 Summonings
 + Level 3.5 Necromancy
 + Level 3.5 Translocations
 + Level 3.5 Transmutations
 + Level 3.5 Fire Magic
 + Level 3.5 Ice Magic
 + Level 6.6 Air Magic
 + Level 3.5 Earth Magic
 + Level 3.5 Poison Magic
 + Level 4.7 Invocations
 + Level 4.3 Evocations


You had 11 spell levels left.
You knew the following spells:

 Your Spells              Type           Power      Damage    Failure   Level
a - Shock                 Conj/Air       100%       1d9       1%          1
b - Static Discharge      Conj/Air       26%        N/A       3%          2
c - Swiftness             Air            31%        N/A       3%          3
d - Airstrike             Air            15%        N/A       12%         4

Your spell library contained the following spells:

 Spells                   Type           Power      Damage    Failure   Level
 Call Canine Familiar     Summ           19%        N/A       13%         3
 Confusing Touch          Hex            19%        N/A       13%         3
 Portal Projectile        Hex/Tloc       38%        N/A       13%         3
 Leda's Liquefaction      Hex/Erth       9%         N/A       41%         4
 Yara's Violent Unravell  Hex/Tmut       9%         3d6       77%         5
 Enfeeble                 Hex            9%         N/A       100%        7


Dungeon Overview and Level Annotations

Branches:
Dungeon (10/15)            Temple (1/1) D:5
   Lair: D:8-11         Orc: D:9-12

Altars:
Ashenzari
Cheibriados
Dithmenos
Elyvilon
Fedhas
Gozag
Hepliaklqana
Makhleb
Nemelex Xobeh
Okawaru
Qazlal
Ru
Sif Muna
Trog
Uskayaw
Vehumet
Wu Jian
Xom
Yredelemnul
Zin
The Shining One

Shops:
D:1 (   D:7 !(   D:8 *


Innate Abilities, Weirdness & Mutations

You have very sharp teeth.
Your uncanny sense of smell can sniff out nearby items.
Your experience applies equally to all skills.


Message History

Aiming: Shock (safe; 1% risk of failure)
Press: ? - help, Q - select action, (/) - cycle Shift-Dir - straight line, p - hornet zombie The zap misses the hornet zombie.
The hornet zombie hits you.
* * * LOW HITPOINT WARNING * * *
Aiming: Shock (safe; 1% risk of failure)
Press: ? - help, Q - select action, (/) - cycle Shift-Dir - straight line The zap hits the hornet zombie.
The hornet zombie is severely damaged.
The hornet zombie closely misses you.
The hornet zombie hits you but does no damage.
Aiming: Shock (safe; 1% risk of failure)
Press: ? - help, Q - select action, (/) - cycle Shift-Dir - straight line The zap hits the hornet zombie.
The hornet zombie is severely damaged.
The hornet zombie hits you!
* * * LOW HITPOINT WARNING * * *
Aiming: Shock (safe; 1% risk of failure)
Press: ? - help, Q - select action, (/) - cycle Shift-Dir - straight line The zap hits the hornet zombie.
The hornet zombie is almost destroyed.
The hornet zombie hits you but does no damage.
Aiming: Shock (safe; 1% risk of failure)
Press: ? - help, Q - select action, (/) - cycle Shift-Dir - straight line The zap hits the hornet zombie.
The hornet zombie is almost destroyed.
The hornet zombie barely misses you. The hornet zombie hits you.
* * * LOW HITPOINT WARNING * * *
Aiming: Shock (safe; 1% risk of failure)
Press: ? - help, Q - select action, (/) - cycle Shift-Dir - straight line The zap hits the hornet zombie.
The hornet zombie is almost destroyed.
The hornet zombie hits you.
* * * LOW HITPOINT WARNING * * *
Aiming: Shock (safe; 1% risk of failure)
Press: ? - help, Q - select action, (/) - cycle Shift-Dir - straight line The zap hits the hornet zombie.
The hornet zombie is almost destroyed.
The hornet zombie hits you!
You die...

##..## ###...#
##..########.....##
##..#.##.........#
##.)....######.##
#.#.....# ###
##.#.....##
#..#....>.##
#.##.......#
##@##.......##
#Z###....#...##
########.#
#....##...##
.........#
#....###...#
.#####..## #...##
##..## ##.# #...#
##..# #)# #...#
#.∩## ∆ ..# #####
###.# #.# ###


You could see a hornet zombie.

Vanquished Creatures
  2 steam dragons
  A black bear (D:8)
  3 ogres
  2 phantoms
  A kobold brigand (D:8)
  3 bullfrogs
  2 water moccasin skeletons (D:5)
  14 wights
  6 howler monkeys (D:8)
  2 bullfrog zombies
  An orc priest (D:3)
  A hound (D:4)
  An iguana (D:6)
  4 orc wizards
  10 adders
  4 gnolls
  2 ufetubi
  2 adder skeletons (D:4)
  3 worms
  3 dart slugs
  15 orcs
  8 ball pythons
  9 endoplasms
  3 giant cockroaches
  5 goblins
  6 hobgoblins
  4 jackals (D:5)
  14 kobolds
  A quokka (D:3)
  7 bats
  2 frilled lizards (D:2)
  10 rats
151 creatures vanquished.

Vanquished Creatures (others)
  An adder (D:6)
  4 fungi (D:9)
  A plant (D:9)
6 creatures vanquished.

Grand Total: 157 creatures vanquished

Notes
Turn   | Place    | Note
-------+----------+-------------------------------------------
     0 | D:1      | 101zpm the Gnoll Air Elementalist began the quest for the
                  | Orb.
     0 | D:1      | Reached XP level 1. HP: 13/13 MP: 6/6
   301 | D:1      | Reached XP level 2. HP: 19/19 MP: 5/7
   497 | D:2      | Reached XP level 3. HP: 25/25 MP: 6/9
   499 | D:2      | Reached skill level 5 in Spellcasting
   622 | D:2      | Reached skill level 1 in Invocations
   679 | D:2      | Reached skill level 1 in Fighting
   679 | D:2      | Reached skill level 1 in Short Blades
   679 | D:2      | Reached skill level 1 in Long Blades
   679 | D:2      | Reached skill level 1 in Axes
   679 | D:2      | Reached skill level 1 in Maces & Flails
   679 | D:2      | Reached skill level 1 in Polearms
   679 | D:2      | Reached skill level 1 in Staves
   679 | D:2      | Reached skill level 1 in Slings
   679 | D:2      | Reached skill level 1 in Bows
   679 | D:2      | Reached skill level 1 in Crossbows
   679 | D:2      | Reached skill level 1 in Throwing
   679 | D:2      | Reached skill level 1 in Armour
   679 | D:2      | Reached skill level 1 in Shields
   679 | D:2      | Reached skill level 1 in Unarmed Combat
   679 | D:2      | Reached skill level 1 in Evocations
   897 | D:2      | Found a faded altar of an unknown god.
   912 | D:2      | Reached XP level 4. HP: 32/32 MP: 4/11
  1151 | D:2      | Reached skill level 1 in Hexes
  1151 | D:2      | Reached skill level 1 in Summonings
  1151 | D:2      | Reached skill level 1 in Necromancy
  1151 | D:2      | Reached skill level 1 in Translocations
  1151 | D:2      | Reached skill level 1 in Transmutations
  1151 | D:2      | Reached skill level 1 in Fire Magic
  1151 | D:2      | Reached skill level 1 in Ice Magic
  1151 | D:2      | Reached skill level 1 in Earth Magic
  1151 | D:2      | Reached skill level 1 in Poison Magic
  1519 | D:2      | Identified the +0 leather armour of Caustic Lucidity {rElec
                  | Str+2}
  1534 | D:2      | Learned a level 2 spell: Static Discharge
  1538 | D:2      | Learned a level 3 spell: Swiftness
  1543 | D:2      | Learned a level 4 spell: Airstrike
  1796 | D:1      | Found Liehigaal's Antique Weapon Emporium.
  2020 | D:3      | Reached XP level 5. HP: 23/37 MP: 12/12
  2125 | D:3      | Found a stormy altar of Qazlal.
  2328 | D:3      | Reached XP level 6. HP: 44/44 MP: 1/13
  3029 | D:4      | Found a glowing silver altar of Zin.
  3031 | D:4      | Noticed an angel
  3035 | D:4      | Found a shimmering altar of Xom.
  3098 | D:4      | Reached skill level 5 in Dodging
  3360 | D:4      | Reached XP level 7. HP: 50/50 MP: 7/15
  3537 | D:5      | Entered Level 5 of the Dungeon
  3756 | D:5      | Found a burning altar of Makhleb.
  3850 | D:5      | Found a staircase to the Ecumenical Temple.
  4212 | D:5      | Reached skill level 5 in Stealth
  4335 | D:5      | Found an ornate altar of the Wu Jian Council.
  4394 | Temple   | Entered the Ecumenical Temple
  4584 | Temple   | Became a worshipper of Sif Muna the Loreminder
  4869 | D:6      | Reached XP level 8. HP: 50/57 MP: 2/16
  5233 | D:6      | You fall into a shaft and drop 2 floors!
  5290 | D:9      | Noticed a two-headed ogre
  5357 | D:10     | Entered Level 10 of the Dungeon
  6430 | D:7      | Found Otebacusm's Distillery.
  6430 | D:7      | Found an iron altar of Okawaru.
  6453 | D:8      | Reached XP level 9. HP: 65/65 MP: 1/18
  6776 | D:8      | Found Wapod's Lightly-Used Armoury.
  6952 | D:8      | Found a radiant altar of Vehumet.
  6953 | D:8      | Found a basalt altar of Yredelemnul.
  7322 | D:8      | Found a snail-covered altar of Cheibriados.
  8033 | D:7      | Found Qafobi's Weapon Shoppe.
  8103 | D:7      | Slain by a hornet zombie

Illustrated notes

Levels and vault maps discovered:
D:1:      dpeg_arrival_lava_temple_mockup, layout_loops_ring, serial_shops,
          nicolae_shop_trees, columned_hall_lemuel
D:2:      minmay_spotlight, layout_rooms, basic_ecumenical_altar,
          dk_noncrumbling_2, roderic_nine_men_s_morris,
          hangedman_abyss_or_decor_stabs
D:3:      layout_rooms, nicolae_qazlal_scattered_showers,
          nicolae_figureground_pulse
D:4:      layout_rooms, grunt_temple_overflow_order_and_chaos_1
D:5:      layout_loops_ring, lemuel_tele_altar, nzn_wu_jian_council_hall,
          minmay_temple_entry_glass, dk_noncrumbling_4, minmay_statues_item
D:6:      layout_basic
D:7:      layout_cave_pods, okawaru_trees_2, serial_shops, kennysheep_mini,
          shop, nicolae_shop_stone, shop, minivault_10, kennysheep_donut,
          minmay_checkerbox, uniq_duvessa
D:8:      layout_basic, mainiacjoe_overflow_alcove_1,
          gammafunk_temple_overflow_pools, minmay_shop_damaged
D:9:      layout_basic, tgw_kikubaaqudgha, david_lair_generic,
          minmay_misc_feat_ornament, uniq_grum
D:10:     layout_cross, minivault_27
Temple:   minmay_temple_bridge_abc

Skill      XL: |  1  2  3  4  5  6  7  8  9 |
---------------+----------------------------+-----
Conjurations   | 2 3 4 |  4.2
Spellcasting   | 5 6 |  6.6
Invocations    | 1 2 3 4 |  4.7
Fighting       | 1 2 3 4 |  4.3
Short Blades   | 1 2 3 4 |  4.3
Long Blades    | 1 2 3 4 |  4.3
Axes           | 1 2 3 4 |  4.3
Maces & Flails | 1 2 3 4 |  4.3
Polearms       | 1 2 3 4 |  4.3
Staves         | 1 2 3 4 |  4.3
Slings         | 1 2 3 4 |  4.3
Bows           | 1 2 3 4 |  4.3
Crossbows      | 1 2 3 4 |  4.3
Throwing       | 1 2 3 4 |  4.3
Armour         | 1 2 3 4 |  4.3
Shields        | 1 2 3 4 |  4.3
Unarmed Combat | 1 2 3 4 |  4.3
Evocations     | 1 2 3 4 |  4.3
Hexes          | 1 2 3 |  3.5
Summonings     | 1 2 3 |  3.5
Necromancy     | 1 2 3 |  3.5
Translocations | 1 2 3 |  3.5
Transmutations | 1 2 3 |  3.5
Fire Magic     | 1 2 3 |  3.5
Ice Magic      | 1 2 3 |  3.5
Earth Magic    | 1 2 3 |  3.5
Poison Magic   | 1 2 3 |  3.5
Dodging        | 5 6 |  6.3
Stealth        | 5 6 |  6.1
Air Magic      | 6 |  6.6

Action                   |  1- 3 |  4- 6 |  7- 9 || total
-------------------------+-------+-------+-------++-------
Melee: Unarmed           |    22 |       |     2 ||    24
       Bite              |     3 |     5 |    12 ||    20
       Spear             |       |    98 |    50 ||   148
       Punch             |       |     1 |     1 ||     2
       Hand axe          |       |       |    25 ||    25
 Cast: Shock             |    53 |    99 |   114 ||   266
       Airstrike         |       |       |    33 ||    33
  Use: Scroll            |       |       |     7 ||     7
 Stab: Sleeping          |       |     5 |       ||     5
Armor: Robe              |     6 |       |       ||     6
       Leather armour    |       |    27 |    26 ||    53
Dodge: Dodged            |    17 |    70 |    54 ||   141
Block: Buckler           |       |       |     8 ||     8
